 Dungeon Crawl Stone Soup version 0.24.0-1-gfbc8707122 (webtiles) character file.

Game seed: 8480816285822242080, levelgen mode: deterministic

326 Aviak the Insei (level 6, 0/42 HPs)
             Began as an Octopode Transmuter on Oct 27, 2019.
             Slain by Pikel
             ... wielding a +1 whip of electrocution
              (12 damage)
             ... on level 3 of the Dungeon.
             The game lasted 00:04:56 (3223 turns).

Aviak the Insei (Octopode Transmuter)               Turns: 3223, Time: 00:04:57

Health: 0/42       AC:  1    Str:  9    XL:     6   Next: 49%
Magic:  7/10       EV: 13    Int: 17    God:
Gold:   187        SH:  0    Dex: 13    Spells: 5/11 levels left

rFire    . . .     SeeInvis .     - Unarmed
rCold    . . .     Gourm    .   (no shield)
rNeg     . . .     Faith    .   (helmet restricted)
rPois    .         Spirit   .   (no amulet)
rElec    .         Reflect  .   (no ring)
rCorr    .         Harm     .   (no ring)
MR       .....                  (no ring)
Stlth    ++........             (no ring)
HPRegen  0.14/turn              (no ring)
MPRegen  0.12/turn              (no ring)
                                (no ring)
                                (no ring)

@: no status effects
A: almost no armour, stealthy swim, amphibious, 8 rings, constrict 8, camouflage
1, gelatinous body 1
a: no special abilities


You were on level 3 of the Dungeon.
You were hungry.

You visited 1 branch of the dungeon, and saw 4 of its levels.

You collected 187 gold pieces.

Inventory:

Missiles
 a - 21 arrows
Scrolls
 b - 2 scrolls of identify {unknown}
 d - a scroll of amnesia {unknown}
 f - a scroll of immolation {unknown}
 h - a scroll of magic mapping {unknown}
 j - 2 scrolls of enchant armour {unknown}
 l - a scroll of enchant weapon {unknown}
 n - 2 scrolls of teleportation {unknown}
Potions
 c - a potion of curing
 e - a potion of might
 i - a potion of cancellation {unknown}
 k - 2 potions of flight {unknown}
 m - a potion of brilliance {unknown}
 o - a potion of heal wounds {unknown}
 p - a potion of ambrosia {unknown}
 q - a potion of haste {unknown}
Comestibles
 g - 9 rations


   Skills:
 + Level 3.1 Fighting
 - Level 2.0 Dodging
 + Level 4.3 Unarmed Combat
 - Level 3.2 Spellcasting
 + Level 3.6 Transmutations
 + Level 1.5 Poison Magic


You had 5 spell levels left.
You knew the following spells:

 Your Spells              Type           Power        Failure   Level  Hunger
a - Beastly Appendage     Tmut           ###...       3%          1    None
b - Sticks to Snakes      Tmut           ###.....     6%          2    ##.....
c - Spider Form           Tmut/Pois      ##........   19%         3    ###....

Your spell library contained the following spells:

 Spells                   Type           Power        Failure   Level  Hunger
 Ice Form                 Ice/Tmut       #.......     63%         4    ####...
 Blade Hands              Tmut           ###.......   71%         5    ######.


Dungeon Overview and Level Annotations

Branches:
Dungeon (4/15)
 Temple: D:4-7

Altars:
Cheibriados
Elyvilon
Wu Jian
Xom

Annotations:
D:3 Pikel


Innate Abilities, Weirdness & Mutations

You cannot wear most types of armour.
You are very stealthy in the water. (Stealth+)
You are amphibious.
You can wear up to eight rings at the same time.
You can use your tentacles to constrict eight enemies at once.
Your skin changes colour to match your surroundings (Stealth+).
Your rubbery body absorbs attacks. (AC +1, EV +1)


Message History

Your ball python bites Pikel but does no damage.
Your ball python barely misses Pikel.
Pikel says, "You'll fetch a fair price!"
Your ball python barely misses Pikel. x2
Your ball python barely misses Pikel. x2
Your transformation is almost over.
Your ball python bites Pikel but does no damage.
Your ball python misses Pikel.
Okay, then.
Your ball python barely misses Pikel.
Your ball python completely misses Pikel.
Your transformation has ended.
Pikel says, "Slavery isn't that bad."
Pikel says, "You'll fetch a fair price!"
Okay, then.
You feel better.
Pikel hits you with a +1 whip of electrocution.
* * * LOW HITPOINT WARNING * * *
You are electrocuted!
You die...

###.#### #.............
#......# ############.#
#.#.##.# #.... #.#.##.#
##########.#.# #.#..#.#
#............. #.##.#.#
#.......#..... #.##.#.#
#.......#.....
#.....<###.......#..#..
#.....@.##.......#.....
#.##.##K##.......#..#..
#.##.##.##....S........
#.##....###.####.)###..
#.#####.###.####..###..
#.#####.#>S............
#.......#.#.##.##.#####
#######.#.#)##.##.#
#............# ##


You could see Pikel.

Vanquished Creatures
  Sigmund (D:3)
  A hound (D:4)
  Natasha (twice) (D:3)
  3 adders
  A worm (D:3)
  2 dart slugs
  2 leopard geckos
  An orc (D:3)
  10 bats
  3 giant cockroaches
  9 goblins
  6 hobgoblins
  9 jackals
  5 kobolds
  3 quokkas
  2 ball pythons
  A frilled lizard (D:1)
  5 rats
66 creatures vanquished.

Notes
Turn   | Place    | Note
-------+----------+-------------------------------------------
     0 | D:1      | Aviak the Octopode Transmuter began the quest for the Orb.
     0 | D:1      | Reached XP level 1. HP: 13/13 MP: 3/3
    69 | D:1      | Reached XP level 2. HP: 17/18 MP: 5/5
   108 | D:1      | Learned a level 2 spell: Sticks to Snakes
   573 | D:1      | Reached XP level 3. HP: 11/23 MP: 6/6
  1387 | D:2      | Found an ornate altar of the Wu Jian Council.
  2270 | D:3      | Found a white marble altar of Elyvilon.
  2270 | D:3      | Found a shimmering altar of Xom.
  2270 | D:3      | Found a snail-covered altar of Cheibriados.
  2270 | D:3      | Noticed Sigmund
  2277 | D:3      | Killed Sigmund
  2277 | D:3      | Reached skill level 4 in Unarmed Combat
  2277 | D:3      | Reached XP level 4. HP: 25/30 MP: 5/8
  2277 | D:3      | Reached XP level 5. HP: 29/35 MP: 5/9
  2287 | D:3      | Learned a level 3 spell: Spider Form
  2316 | D:3      | Reached XP level 6. HP: 36/41 MP: 8/10
  2453 | D:3      | Found a faded altar of an unknown god.
  2778 | D:3      | Reached skill level 1 in Poison Magic
  2916 | D:3      | Noticed Natasha
  2924 | D:3      | Killed Natasha
  3002 | D:3      | Noticed Natasha
  3012 | D:3      | Killed Natasha
  3145 | D:4      | Noticed a slave
  3145 | D:4      | Noticed a slave
  3145 | D:4      | Noticed Pikel
  3146 | D:4      | Noticed a slave
  3146 | D:4      | Noticed a slave
  3223 | D:3      | Slain by Pikel

Levels and vault maps discovered:
D:1:      lightli_molten_gateway, layout_basic
D:2:      layout_basic, lemuel_round_altar, first_ration, serial_curves,
          eino_curves_02, eino_curves_02, chequers_avenue
D:3:      layout_loops_cross, gammafunk_temple_overflow_forgotten,
          chequers_ecumenical_altar_island, minmay_misc_feat_iff, st_stairs_2,
          uniq_sigmund, uniq_natasha
D:4:      layout_loops_ring, hangedman_decor_peaks_small, chequers_mini_garden,
          uniq_pikel

Skill      XL: |  1  2  3  4  5  6 |
---------------+-------------------+-----
Fighting       | 2 3 |  3.1
Unarmed Combat | 4 |  4.3
Spellcasting   | 3 |  3.2
Transmutations | 3 |  3.6
Poison Magic   | 1 |  1.5
Dodging        | |  2.0

Action                   |  1- 3 |  4- 6 || total
-------------------------+-------+-------++-------
Melee: Unarmed           |    91 |    48 ||   139
       Constrict         |    26 |    15 ||    41
       Tentacles         |    14 |     7 ||    21
       Kick              |     8 |    10 ||    18
       Punch             |     1 |       ||     1
 Cast: Beastly Appendage |     9 |     8 ||    17
       Sticks to Snakes  |     1 |     5 ||     6
       Spider Form       |       |     1 ||     1
  Use: Potion            |     2 |     1 ||     3
 Stab: Sleeping          |    11 |     7 ||    18
  Eat: Chunk             |     4 |     3 ||     7
Armor: Skin              |     6 |     5 ||    11
Dodge: Dodged            |    55 |    34 ||    89
